 Dungeon Crawl Stone Soup version 0.30-a0-305-g026cb31310 (webtiles) character file.

Game seed: 11570106427527986853

74753 bande the Cleaver (level 15, -10/95 HPs)
             Began as a Gargoyle Fighter on Oct 20, 2022.
             Was a Follower of Okawaru.
             Mangled by a two-headed ogre
             ... wielding a +0 giant club
              (16 damage)
             ... on level 15 of the Dungeon on Oct 22, 2022.
             The game lasted 00:53:49 (24546 turns).

bande the Cleaver (Gargoyle Fighter)               Turns: 24546, Time: 00:53:50

Health: -10/95     AC: 41    Str: 20    XL:     15   Next: 47%
Magic:  0/23       EV:  6    Int: 10    God:    Okawaru [*.....]
Gold:   947        SH:  7    Dex: 20    Spells: 11/14 levels left

rFire   + . .      SeeInvis +    l - +6 broad axe "Giso" {holy, rF+ Will- Dex+2 SInv}
rCold   . . .      Faith    .    c - +0 buckler
rNeg    + . .      Spirit   +    M - +5 plate armour "Ucuguiky" {Regen+ rCorr}
rPois   ∞          Reflect  .    g - +0 helmet
rElec   +          Harm     .    b - +0 cloak {rCorr}
rCorr   +          Rampage  .    p - +1 pair of gloves
Will    .....                    k - +0 pair of boots of Refuge {Dex+3}
Stlth   ..........               C - amulet of guardian spirit
HPRegen 1.15/turn                j - +4 ring of slaying
MPRegen 0.18/turn                v - +4 ring of protection

@: about to teleport, flying, studying 2 skills
A: sickness immunity, AC +11, big wings, negative energy resistance 1,
electricity resistance, torment resistance 1, petrification resistance
a: Renounce Religion, Heroism


You were on level 15 of the Dungeon.
You worshipped Okawaru.
Okawaru was aware of your devotion.
You visited 3 branches of the dungeon, and saw 21 of its levels.
You also visited: Trove and Ossuary.

You collected 2118 gold pieces.
You spent 1171 gold pieces at shops.

Inventory:

Hand Weapons
 a - a +1 war axe of venom
 l - the +6 broad axe "Giso" (weapon) {holy, rF+ Will- Dex+2 SInv}
   (You found it in a treasure trove)

   It has been blessed by the Shining One to cause great damage to the undead
   and demons.
   Dex:       It affects your dexterity (+2).
   rF:        It protects you from fire.
   SInv:      It lets you see invisible.
   Will:      It decreases your willpower.
 q - a +2 scimitar of flaming
 U - a +0 broad axe
Missiles
 Q - 4 throwing nets (quivered)
Armour
 b - a +0 cloak of preservation (worn)
 c - a +0 buckler (worn)
 g - a +0 helmet (worn)
 k - the +0 pair of boots of Refuge (worn) {Dex+3}
   (You found it on level 3 of the Dungeon)

   Dex:       It affects your dexterity (+3).
 p - a +1 pair of gloves (worn)
 z - a +0 hat
 M - the +5 plate armour "Ucuguiky" (worn) {Regen+ rCorr}
   (You bought it in a shop on level 1 of the Dungeon)

   Regen:     It increases your rate of health regeneration.
   rCorr:     It protects you from acid and corrosion.
 V - a +1 chain mail of fire resistance
Jewellery
 j - a +4 ring of slaying (left hand)
 s - a ring of protection from fire
 v - a +4 ring of protection (right hand)
 w - an amulet of regeneration
 C - an amulet of guardian spirit (around neck)
 H - a ring of see invisible
 S - a ring of wizardry
 W - the ring of Voath {rF+ rN+ Dex+2}
   (You found it on level 12 of the Dungeon)

   [ring of protection from fire]

   Dex:       It affects your dexterity (+2).
   rF:        It protects you from fire.
   rN:        It protects you from negative energy.
 Z - a ring of positive energy
Wands
 r - a wand of roots (32)
 x - a wand of light (17)
 G - a wand of mindburst (23)
 I - a wand of flame (29)
 J - a wand of digging (17)
 N - a wand of polymorph (3)
Scrolls
 e - a scroll of magic mapping
 m - 13 scrolls of teleportation
 n - 6 scrolls of enchant weapon
 t - 23 scrolls of identify
 y - 2 scrolls of blinking
 F - 2 scrolls of enchant armour
 P - 4 scrolls of brand weapon
 R - 2 scrolls of amnesia
Potions
 d - 2 potions of might
 f - 9 potions of haste
 h - 2 potions of magic
 i - 2 potions of cancellation
 o - 6 potions of curing
 A - 2 potions of ambrosia
 B - 4 potions of invisibility
 D - a potion of brilliance
 E - a potion of mutation
 K - a potion of berserk rage
 O - a potion of resistance
Miscellaneous
 u - a lightning rod (4/4)
 L - a lightning rod (4/4)
 X - a phial of floods
 Y - a condenser vane


   Skills:
 + Level 11.3 Fighting
 + Level 2.5 Long Blades
 + Level 14.5 Axes
 + Level 10.3 Armour
 + Level 8.2 Shields
 * Level 8.3 Translocations
 * Level 11.4 Invocations
 * Level 9.1 Evocations


You had 11 spell levels left.
You knew the following spells:

 Your Spells              Type           Power      Damage    Failure   Level
a - Apportation           Tloc           32%        N/A       26%         1
b - Blink                 Tloc           32%        N/A       36%         2

Your spell library contained the following spells:

 Spells                   Type           Power      Damage    Failure   Level
 Lesser Beckoning         Tloc           32%        N/A       58%         3
 Momentum Strike          Conj/Tloc      16%        3d8       91%         2
 Manifold Assault         Tloc           16%        N/A       94%         4
 Passage of Golubria      Tloc           16%        N/A       94%         4
 Portal Projectile        Hex/Tloc       16%        N/A       99%         3
 Vhi's Electric Charge    Tloc/Air       16%        N/A       99%         3
 Necrotise                Necr           0%         1d4       100%        1
 Sandblast                Erth           0%         2d4       100%        1
 Shock                    Conj/Air       0%         1d3       100%        1
 Ensorcelled Hibernation  Hex/Ice        0%         N/A       100%        2
 Passwall                 Tmut/Erth      0%         N/A       100%        2
 Dazzling Flash           Conj/Hex       0%         N/A       100%        3
 Ignite Poison            Fire/Tmut/Pois 0%         N/A       100%        3
 Kindle Blastsparks       Fire/Tloc/Air  10%        2d10      100%        3
 Ozocubu's Armour         Ice            0%         N/A       100%        3
 Spider Form              Tmut/Pois      0%         N/A       100%        3
 Stone Arrow              Conj/Erth      0%         3d7       100%        3
 Swiftness                Air            0%         N/A       100%        3
 Vampiric Draining        Necr           0%         2d6       100%        3
 Airstrike                Air            0%         2d(0-16)  100%        4
 Cause Fear               Hex            0%         N/A       100%        4
 Flame Wave               Conj/Fire      0%         2d4       100%        4
 Fulminant Prism          Conj/Hex       0%         3d6       100%        4
 Iskenderun's Mystic Bla  Conj/Tloc      8%         2d4       100%        4
 Agony                    Necr           0%         N/A       100%        5
 Blade Hands              Tmut           0%         N/A       100%        5
 Fireball                 Conj/Fire      0%         3d3       100%        5
 Freezing Cloud           Conj/Ice/Air   0%         6-21      100%        5
 Irradiate                Conj/Tmut      0%         3d11      100%        5
 Iskenderun's Battlesphe  Conj           0%         2d6       100%        5
 Lee's Rapid Deconstruct  Erth           0%         3d4*      100%        5
 Lightning Bolt           Conj/Air       0%         1d11      100%        5
 Metabolic Englaciation   Hex/Ice        0%         N/A       100%        5
 Conjure Ball Lightning   Conj/Air       0%         3x3d6     100%        6
 Starburst                Conj/Fire      0%         6d3       100%        6
 Dragon Form              Tmut           0%         N/A       100%        7
 Orb of Destruction       Conj           0%         9d5       100%        7
 Storm Form               Tmut/Air       0%         N/A       100%        7
 Summon Small Mammal      Summ           Unusable   N/A       N/A         1
 Cigotuvi's Dreadful Rot  Necr/Pois/Air  Unusable   N/A       N/A         2
 Summon Lightning Spire   Summ/Air       Unusable   N/A       N/A         4
 Simulacrum               Ice/Necr       Unusable   N/A       N/A         6
 Dragon's Call            Summ           Unusable   N/A       N/A         9

Dungeon Overview and Level Annotations

Branches:
Dungeon (15/15)            Temple (1/1) D:5            Lair (5/5) D:8
 Shoals (0/4) Lair:3        Snake (0/4) Lair:2        Slime (0/5) Lair:5
    Orc (0/2) D:9          Vaults (0/5) D:13         Depths (0/4) D:15
Ossuary (visited)

Altars:
Ashenzari
Cheibriados
Dithmenos
Elyvilon
Fedhas
Gozag
Hepliaklqana
Kikubaaqudgha
Makhleb
Nemelex Xobeh
Okawaru
Qazlal
Ru
Sif Muna
Trog
Uskayaw
Vehumet
Wu Jian
Xom
Yredelemnul
Zin
The Shining One

Shops:
D:1 [(*[?   D:2 (   D:6 !   D:9 (   D:15 ?*


Innate Abilities, Weirdness & Mutations

You are immune to sickness and miasma.
Your stone body is resilient. (AC +11)
You are immune to poison.
Your large and strong wings let you fly.
You resist negative energy. (rN+)
You are resistant to electric shocks. (rElec)
You are resistant to unholy torment.
You are immune to petrification.


Message History

You slash the two-headed ogre! You block the two-headed ogre's attack.
The two-headed ogre completely misses you.
The two-headed ogre hits you but does no damage.
The two-headed ogre hits you with a +0 dire flail!
The centaur shoots an arrow.
The arrow hits you but does no damage.
The centaur shoots an arrow.
The arrow hits you!
You slice the two-headed ogre!!
You kill the two-headed ogre!
Okawaru accepts your kill.
You barely miss the two-headed ogre. You slash the boggart!
You barely miss the two-headed ogre.
The boggart casts a spell.
The boggart blinks!
The centaur shoots an arrow.
The arrow barely misses you.
The centaur warrior shoots an arrow.
The arrow hits you!
* * * LOW HITPOINT WARNING * * *
The centaur shoots an arrow.
The arrow hits you but does no damage.
The two-headed ogre hits you with a +0 giant club!
* * * LOW HITPOINT WARNING * * *
The two-headed ogre hits you but does no damage.
You block the two-headed ogre's attack.
The two-headed ogre hits you but does no damage.
As you read the scroll of teleportation, it crumbles to dust.
You feel strangely unstable.
The centaur shoots an arrow.
The arrow hits you but does no damage.
The centaur warrior shoots an arrow.
The arrow hits you but does no damage.
The centaur shoots an arrow.
The arrow hits you but does no damage.
The centaur shoots an arrow.
You block the arrow.
The centaur unwields a +0 shortbow.
The centaur hits you but does no damage.
The centaur kicks you but does no damage.
The centaur shoots an arrow.
The arrow hits you!
* * * LOW HITPOINT WARNING * * *
The centaur shoots an arrow.
The arrow hits you.
* * * LOW HITPOINT WARNING * * *
The centaur shoots an arrow.
The arrow hits you but does no damage.
The centaur warrior shoots an arrow.
You block the arrow.
The centaur hits you but does no damage.
The centaur kicks you but does no damage.
The two-headed ogre hits you but does no damage.
The two-headed ogre hits you with a +0 giant spiked club!
You die...

#............#.. #.∩?............
.?............ #..........#
###....##. ##.......c..#.#
........ .........ccc... #.......
##. #..gc...# ....... #.. #.O@..#
.....g ####..####..)O## # .....
##........#††..# ###. #....
##≈.≈..........####....# ##....
##.≈.≈.............#.....##.....
##).≈.≈..........#######.....##..
...≈≈≈.........##.....##.....#..
###.........#####.......##......#
#..........##...†.#####.>#.......


You could see a centaur warrior (summoned), 2 two-headed ogres, 4 centaurs and a
boggart.

Vanquished Creatures
  A frost giant (shapeshifter) (D:11)
  2 fire dragons
  An ice dragon (D:15)
  7 hydras
  Harold (D:9)
  An ogre mage (D:15)
  4 centaur warriors
  2 boulder beetles
  2 catoblepae
  3 two-headed ogres (D:15)
  Erica (D:8)
  A death knight (D:12)
  2 dancing weapons (D:13)
  A tengu warrior (D:12)
  A fire crab (D:12)
  A deep elf knight (D:12)
  The ghost of ragingrage the Grappler, a novice TrFi of Ru (D:7)
  A wizard (D:12)
  A swamp dragon (Lair:5)
  A deep elf archer (D:12)
  An orc knight (D:11)
  4 cyclopes
  4 ugly things
  4 deep elf pyromancers
  4 manticores
  8 elephants
  4 black mambas
  2 torpor snails
  3 gargoyles
  12 cane toads
  2 unseen horrors (D:12)
  3 kobold demonologists
  3 efreet
  4 rime drakes
  2 freezing wraiths
  8 komodo dragons
  4 meliai
  6 polar bears
  A hornet (D:9)
  10 trolls
  A snapping turtle (Lair:3)
  10 slime creatures
  13 blink frogs
  2 dream sheep (Lair:2)
  3 vampires
  4 wraiths
  The ghost of brouguemayhem the Slasher, an amateur GnCA of Makhleb (D:5)
  3 wyverns
  6 basilisks
  60 yaks
  A steam dragon (Lair:5)
  8 vampire mosquitoes
  A warg (D:12)
  3 nagas (Lair:2)
  2 acid dragons (D:9)
  8 water moccasins
  Duvessa (D:7)
  10 black bears
  12 orc warriors
  2 ice beasts (D:7)
  A sky beast (D:7)
  3 swamp drakes (Lair:5)
  5 centaurs
  2 boggarts (D:15)
  20 wolves
  2 phantoms
  6 kobold brigands
  14 bullfrogs
  A gnoll sergeant (D:9)
  7 scorpions
  A necrophage (D:6)
  8 wights
  A wyvern skeleton (D:5)
  Dowan (D:7)
  9 killer bees
  4 electric eels
  4 howler monkeys
  12 hounds
  4 gnoll boudas
  4 orc priests
  11 jellies
  Terence (D:2)
  9 orc wizards
  10 iguanas
  14 mummies (Ossuary)
  A howler monkey zombie (D:5)
  Robin (D:2)
  3 adders
  10 gnolls
  A howler monkey skeleton (D:5)
  A shadow imp (D:6)
  A white imp (D:5)
  2 ufetubi (D:6)
  3 dart slugs
  29 orcs
  5 bats
  3 endoplasms
  12 goblins
  9 hobgoblins
  7 jackals
  4 quokkas
  4 ball pythons
  4 frilled lizards
  A gnoll skeleton (Ossuary)
  3 goblin skeletons (Ossuary)
  10 kobolds
  A kobold skeleton (Ossuary)
  3 orc skeletons (Ossuary)
  5 rats
  11 rat skeletons (Ossuary)
563 creatures vanquished.

Vanquished Creatures (others)
  An unseen horror (D:11)
  An iguana (Lair:5)
  An orc wizard (D:11)
  An orc (D:11)
  6 fungi
  23 plants
33 creatures vanquished.

Grand Total: 596 creatures vanquished

Notes
Turn   | Place    | Note
-------+----------+-------------------------------------------
     0 | D:1      | bande the Gargoyle Fighter began the quest for the Orb.
     0 | D:1      | Reached XP level 1. HP: 14/14 MP: 1/1
    32 | D:1      | Found Diepo's Antique Armour Boutique.
   168 | D:1      | Found Roleat's Magic Scroll Boutique.
   306 | D:1      | Found Xoomuz's Antique Weapon Shoppe.
   311 | D:1      | Found Laawaus's General Store.
   346 | D:1      | Found Ibuhaorch's Antique Armour Emporium.
   381 | D:1      | Found a faded altar of an unknown god.
   559 | D:2      | Reached XP level 2. HP: 19/19 MP: 2/2
   569 | D:1      | Reached skill level 2 in Axes
   665 | D:2      | Reached XP level 3. HP: 21/23 MP: 3/3
   768 | D:2      | Noticed Terence
   784 | D:2      | Killed Terence
   978 | D:2      | Reached XP level 4. HP: 29/29 MP: 4/4
  1070 | D:2      | Found Loucimou's Weapon Emporium.
  1228 | D:2      | Noticed Robin
  1246 | D:2      | Killed Robin
  1478 | D:2      | Reached skill level 3 in Axes
  1666 | D:3      | Identified the +0 pair of boots of Refuge {Dex+3}
  2172 | D:1      | Bought a jewelled scale mail for 135 gold pieces
  2172 | D:1      | Identified the +3 scale mail of Midsummer {rElec rF+ rN+
                  | Slay+2} (You bought it in a shop on level 1 of the Dungeon)
  2363 | D:4      | Reached XP level 5. HP: 33/33 MP: 5/5
  2466 | D:4      | Reached skill level 4 in Axes
  2628 | D:4      | Reached XP level 6. HP: 32/39 MP: 6/6
  2923 | D:4      | You fall into a shaft and drop 2 floors!
  2937 | D:5      | Entered Level 5 of the Dungeon
  3194 | D:5      | Reached skill level 5 in Axes
  3194 | D:5      | Reached XP level 7. HP: 44/44 MP: 7/7
  3210 | D:5      | Found a transporter.
  3249 | D:5      | Found a transporter.
  3291 | D:5      | Found a staircase to the Ecumenical Temple.
  3344 | Temple   | Entered the Ecumenical Temple
  3541 | Temple   | Became a worshipper of Warmaster Okawaru
  3632 | D:5      | Noticed brouguemayhem's ghost (amateur GnCA)
  3692 | D:5      | Reached skill level 5 in Fighting
  3692 | D:5      | Reached skill level 1 in Invocations
  3810 | D:5      | Reached * piety under Okawaru
  3811 | D:5      | Reached skill level 6 in Axes
  3811 | D:5      | Reached XP level 8. HP: 49/49 MP: 9/9
  4117 | D:5      | Killed brouguemayhem's ghost
  4118 | D:5      | Reached skill level 5 in Armour
  4118 | D:5      | Reached skill level 1 in Evocations
  4318 | D:6      | Reached ** piety under Okawaru
  4495 | D:6      | Reached skill level 7 in Axes
  4575 | D:6      | Noticed a troll
  4582 | D:6      | Killed a troll
  4583 | D:6      | Reached XP level 9. HP: 46/55 MP: 11/11
  4775 | D:6      | Found Megiaj's Distillery.
  4785 | D:6      | Bought a potion of heal wounds for 70 gold pieces
  4785 | D:6      | Bought a potion of berserk rage for 70 gold pieces
  4932 | D:6      | Reached *** piety under Okawaru
  5126 | D:7      | Reached skill level 8 in Axes
  5353 | D:7      | Noticed Dowan
  5355 | D:7      | Noticed Duvessa
  5357 | D:7      | Killed Dowan
  5370 | D:7      | Killed Duvessa
  5749 | D:7      | Found a runed translucent door.
  5751 | D:7      | Noticed ragingrage's ghost (novice TrFi)
  6096 | D:7      | Reached skill level 5 in Shields
  6619 | D:7      | Killed ragingrage's ghost
  6619 | D:7      | Reached **** piety under Okawaru
  6620 | D:7      | Reached skill level 9 in Axes
  6620 | D:7      | Reached skill level 5 in Invocations
  6620 | D:7      | Reached XP level 10. HP: 49/61 MP: 13/13
  6650 | D:8      | Noticed Erica
  6686 | D:8      | Killed Erica
  6808 | D:8      | Found a basalt altar of Yredelemnul.
  6857 | D:8      | Reached ***** piety under Okawaru
  6906 | D:8      | Found a staircase to the Lair.
  6985 | D:8      | Found a sand-covered staircase.
  6997 | Ossuary  | Entered an ossuary
  7589 | D:8      | Found a sparkling altar of Nemelex Xobeh.
  7610 | D:8      | Found a radiant altar of Vehumet.
  7690 | D:8      | Found an ornate altar of the Wu Jian Council.
  7738 | Lair:1   | Entered Level 1 of the Lair of Beasts
  7751 | Lair:1   | Learned a level 1 spell: Apportation
  7767 | Lair:1   | Noticed a cane toad
  7769 | Lair:1   | Noticed a black mamba
  7773 | Lair:1   | Killed a cane toad
  7774 | Lair:1   | Noticed a black mamba
  7777 | Lair:1   | Killed a black mamba
  7777 | Lair:1   | Received a gift from Okawaru
  7778 | Lair:1   | Reached skill level 10 in Axes
  7779 | Lair:1   | Noticed a cane toad
  7782 | Lair:1   | Reached skill level 1 in Translocations
  7782 | Lair:1   | HP: 3/64 [black mamba (11)]
  7789 | Lair:1   | Reached XP level 11. HP: 25/68 MP: 15/15
  7794 | Lair:1   | Identified the +1 plate armour of Love and Death {Fly rElec
                  | Str-4 Stlth-} (Okawaru gifted it to you on level 1 of the
                  | Lair of Beasts)
  7794 | Lair:1   | Received a gift from Okawaru
  7795 | Lair:1   | Reached skill level 5 in Evocations
  8329 | Lair:1   | Reached skill level 11 in Axes
  8469 | Lair:1   | Identified the +0 chain mail "Ejaeh" {Str+6} (Okawaru
                  | gifted it to you on level 1 of the Lair of Beasts)
  8469 | Lair:1   | Received a gift from Okawaru
  8571 | Lair:1   | Reached XP level 12. HP: 74/75 MP: 17/17
  9629 | Lair:2   | Learned a level 2 spell: Blink
  9716 | Lair:2   | Noticed a five-headed hydra
  9945 | Lair:1   | Killed a one-headed hydra
 10007 | Lair:2   | Found a staircase to the Snake Pit.
 10742 | Lair:2   | Reached ****** piety under Okawaru
 11053 | Lair:3   | Noticed a seven-headed hydra
 11063 | Lair:2   | Reached skill level 12 in Axes
 11408 | Lair:2   | Reached skill level 5 in Translocations
 11440 | Lair:2   | Reached XP level 13. HP: 80/80 MP: 19/19
 12010 | Lair:2   | Reached skill level 1 in Long Blades
 12154 | Lair:3   | Received a gift from Okawaru
 12255 | Lair:3   | Found an opulent altar of Gozag.
 12877 | Lair:3   | Found a staircase to the Shoals.
 14171 | Lair:5   | Entered Level 5 of the Lair of Beasts
 14203 | Lair:5   | Found a staircase to the Slime Pits.
 14661 | Lair:5   | Reached skill level 10 in Fighting
 14728 | Lair:5   | Noticed a fire dragon
 15313 | Lair:5   | Identified the +11 spear of Fetzocra {venom, Dex+4 SInv}
 15482 | Lair:5   | Killed a fire dragon
 15563 | Lair:5   | Identified the +7 sling "Avoybacs" {drain, rPois rF+ Str-2}
 15867 | D:9      | Found Huahev Zode's Weapon Shoppe.
 15966 | D:9      | Reached skill level 13 in Axes
 16057 | D:9      | Identified the +1 acid dragon scales of Freedom {Fly rPois
                  | rCorr Int-3} (Okawaru gifted it to you on level 9 of the
                  | Dungeon)
 16057 | D:9      | Received a gift from Okawaru
 16201 | D:9      | Noticed Harold
 16221 | D:9      | Killed Harold
 16222 | D:9      | Reached skill level 10 in Invocations
 16222 | D:9      | Gained mutation: Your large and strong wings let you fly.
                  | [Gargoyle growth]
 16222 | D:9      | Reached XP level 14. HP: 39/88 MP: 9/21
 16698 | D:9      | Found a staircase to the Orcish Mines.
 17013 | D:10     | Entered Level 10 of the Dungeon
 17506 | D:10     | Found the +7 Kryia's mail coat {PotionHeal*2 rC+}
 20277 | D:1      | Bought a scorched plate armour for 896 gold pieces
 20277 | D:1      | Identified the +5 plate armour "Ucuguiky" {Regen+ rCorr}
                  | (You bought it in a shop on level 1 of the Dungeon)
 20686 | D:12     | Identified the +1 plate armour of the Teacher {MP+9 Stlth+}
                  | (Okawaru gifted it to you on level 12 of the Dungeon)
 20686 | D:12     | Received a gift from Okawaru
 20991 | D:12     | Noticed a caustic shrike
 20997 | D:12     | a caustic shrike changed into an iron troll
 20999 | D:12     | an iron troll changed into a quicksilver dragon
 20999 | D:12     | Noticed a quicksilver dragon (shapeshifter)
 21025 | D:11     | a quicksilver dragon changed into a frost giant
 21025 | D:11     | Noticed a frost giant (shapeshifter)
 21040 | D:11     | Killed a frost giant
 21310 | D:11     | Upgraded the game from 0.30-a0-304-gdc4b735fe1 to
                  | 0.30-a0-305-g026cb31310
 21896 | D:12     | Identified the ring of Voath {rF+ rN+ Dex+2}
 21957 | D:12     | Reached skill level 14 in Axes
 22505 | D:13     | Found a gate to the Vaults.
 22514 | D:13     | Reached XP level 15. HP: 81/94 MP: 17/23
 22557 | D:13     | Received a gift from Okawaru
 22904 | D:13     | Found a portal to a secret trove of treasure.
 22947 | Trove    | Entered a treasure trove
 23022 | Trove    | Got the Grimoire of Conjuration
 23080 | Trove    | Got the Encyclopedia of Pestilence and the Jaunt
 23095 | Trove    | Identified the +6 broad axe "Giso" {holy, rF+ Will- Dex+2
                  | SInv}
 23223 | D:13     | Found a blossoming altar of Fedhas.
 23378 | D:14     | Reached skill level 10 in Armour
 23988 | D:14     | Found a bloodstained altar of Trog.
 24098 | D:15     | Entered Level 15 of the Dungeon
 24098 | D:15     | Found Denoel's General Store.
 24156 | D:15     | Found a staircase to the Depths.
 24530 | D:15     | Paralysed by an ogre mage for 2 turns
 24533 | D:15     | Found Saamul's Magic Scroll Emporium.
 24546 | D:15     | Mangled by a two-headed ogre

Illustrated notes

Levels and vault maps discovered:
D:1:      psy_arrival_fountain, layout_rooms, chequers_ecumenical_altar_twisty,
          serial_shops, shop, nicolae_lakefront_shop, nicolae_shop_trees,
          nicolae_shop_hallway_stairs, shop
D:2:      layout_loops_ring, serial_shops, shop_fountains, uniq_terence,
          uniq_robin
D:3:      layout_basic
D:4:      layout_rooms, interstate_on_off
D:5:      layout_loops_ring, minmay_temple_entry_antechambers,
          gammafunk_ghost_mausoleum
D:6:      layout_rooms, serial_shops, shop_statue, grunt_ministairs_8,
          lightli_orcish_oven
D:7:      layout_layer_cave, hellmonk_ghost_happy_afterlife, uniq_duvessa
D:8:      layout_rooms, nicolae_overflow_quartered_altars, erik_lair_island,
          enter_ossuary_1, uniq_erica
D:9:      hangedman_cross_cluster, layout_basic, nicolae_stop_n_shop_1,
          uniq_harold
D:10:     layout_loops_corners
D:11:     nzn_motion_control, layout_cave_pools
D:12:     minmay_the_grid_square_5x5_4x4_mashed
          [minmay_the_grid_square_5x5_tetrominoes,
          minmay_the_grid_square_5x5_inset,
          minmay_the_grid_square_5x5_hollow_slash,
          minmay_the_grid_square_5x5_meh, minmay_the_grid_square_5x5_spiral,
          minmay_the_grid_square_5x5_prize_deathbox,
          minmay_the_grid_square_5x5_prize_open,
          minmay_the_grid_square_5x5_three_small,
          minmay_the_grid_square_5x5_gyroscope,
          minmay_the_grid_square_5x5_prize_rear_guard,
          minmay_the_grid_square_5x5_prize_snowflake,
          minmay_the_grid_square_5x5_trominoes,
          minmay_the_grid_square_5x5_three_walls,
          minmay_the_grid_square_5x5_detours,
          minmay_the_grid_square_5x5_one_wall,
          minmay_the_grid_square_5x5_shuriken], layout_basic,
          beargit_elvish_explorers
D:13:     layout_roguey, erik_vaults_1, nicolae_trove_entry_crossroad,
          fedhas_altar_2
D:14:     layout_irregular_city, minmay_misc_feat_x, trog_butcher_becter
D:15:     grunt_enter_depths_hoard, layout_cave_pools,
          chequers_serial_rivers_micro_d, serial_shops, shop_fountains,
          nicolae_shop_stone, shop_scrolls, nicolae_shop_hallway_stairs,
          shop_scrolls, minmay_misc_feat_secret_circle
Temple:   dpeg_five_rooms_temple
Lair:1:   beast_lair_carwin_large_3, layout_cave_pods
Lair:2:   layout_concentric_octagons, guppyfry_snake_entry_garden,
          infiniplex_staircase_pool
Lair:3:   layout_long_grid, minmay_shoals_entry_hut, basic_altar,
          dreamdust_gnoll_shepherd, grunt_megastairs_5
Lair:4:   layout_regular_city, serial_rivers, chequers_serial_rivers_small_b,
          chequers_serial_rivers_large_a, chequers_serial_rivers_micro_d,
          chequers_serial_rivers_micro_e, chequers_serial_rivers_marsh
Lair:5:   guppyfry_lair_end_dragon, layout_cave_pods,
          minmay_slime_entry_jelly_boxes

Skill      XL: |  1  2  3  4  5  6  7  8  9 10 11 12 13 14 15 |
---------------+----------------------------------------------+-----
Axes           | 2 3 4 5 6 7 9 10 11 12 13 14 | 14.5
Armour         | 4 5 6 7 8 9 10 | 10.3
Fighting       | 4 5 6 7 8 9 10 11 | 11.3
Shields        | 4 5 6 7 8 |  8.2
Invocations    | 1 3 5 6 7 8 10 11 | 11.4
Evocations     | 2 3 4 5 6 7 8 9 |  9.1
Translocations | 1 3 5 6 7 8 |  8.3
Long Blades    | 2 |  2.5

Action                   |  1- 3 |  4- 6 |  7- 9 | 10-12 | 13-15 || total
-------------------------+-------+-------+-------+-------+-------++-------
Melee: War axe           |    59 |   139 |   238 |   485 |   897 ||  1818
       Scimitar          |       |       |       |     6 |    45 ||    51
       Broad axe         |       |       |       |       |   163 ||   163
  Use: Scroll            |    10 |     3 |     4 |     6 |     8 ||    31
       Potion            |       |       |     1 |     2 |     6 ||     9
 Stab: Confused          |       |       |       |       |     1 ||     1
Armor: Scale mail        |    48 |    81 |   168 |   378 |   575 ||  1250
       Plate armour      |       |       |       |       |   581 ||   581
Dodge: Dodged            |    58 |    76 |   148 |   269 |   467 ||  1018
Block: Buckler           |    20 |    39 |    75 |   158 |   383 ||   675

Table legend: (Time is in decaauts)
 A = Elapsed time spent in this place.
 B = Non-inter-level travel time spent in this place.
 C = Inter-level travel time spent in this place.
 D = Time resting spent in this place.
 E = Time spent auto-exploring this place.
 F = Levels seen in this place.
 G = Mean time per level.
                   A        B        C        D        E       F      G
               +--------+--------+--------+--------+--------+-----+--------+
         Total |  24737 |  23461 |   1276 |   5689 |  12500 |  23 | 1075.5 |
       Dungeon |  15783 |  14740 |   1043 |   3569 |   7765 |  15 | 1052.2 |
        Temple |    230 |    200 |     30 |      0 |    174 |   1 |  230.0 |
          Lair |   8159 |   7957 |    202 |   2120 |   4309 |   5 | 1631.8 |
         Trove |    233 |    233 |      0 |      0 |     74 |   1 |  233.0 |
       Ossuary |    330 |    330 |      0 |      0 |    178 |   1 |  330.0 |
               +--------+--------+--------+--------+--------+-----+--------+

Top non-repeatable levels by time:
  Lair:1: 2461 daAuts
    D:11: 2324 daAuts
  Lair:2: 2055 daAuts
     D:7: 1583 daAuts
  Lair:5: 1512 daAuts
    D:12: 1288 daAuts
  Lair:3: 1246 daAuts
     D:9: 1148 daAuts
    D:10: 1145 daAuts
     D:2: 1098 daAuts
     D:5: 1028 daAuts
     D:6: 911 daAuts
  Lair:4: 883 daAuts
    D:14: 872 daAuts
     D:8: 868 daAuts
